 Dungeon Crawl Stone Soup version 0.28-a0-983-g1de4e0787c (webtiles) character file.

Game seed: 6147577243058618680

11 ytrimaz the Skirmisher (level 2, 24/24 HPs)
             Began as a Demonspawn Berserker on Dec 2, 2021.
             Was a Follower of Trog.
             Quit the game on level 1 of the Dungeon.
             The game lasted 00:00:27 (647 turns).

ytrimaz the Skirmisher (Demonspawn Berserker)        Turns: 647, Time: 00:00:28

Health: 24/24      AC:  6    Str: 17    XL:     2   Next: 17%
Magic:  2/2        EV: 11    Int:  8    God:    Trog [*.....]
Gold:   41         SH:  0    Dex: 12    Spells: 1/1 levels left

rFire   . . .      SeeInvis .   a - +0 hand axe
rCold   . . .      Faith    .   (no shield)
rNeg    . . .      Spirit   .   e - +0 ring mail
rPois   .          Reflect  .   c - +1 hat
rElec   .          Harm     .   (no cloak)
rCorr   .          Rampage  .   (no gloves)
Will    .....                   (no boots)
Stlth   +.........              (no amulet)
HPRegen 0.08/turn               (no ring)
MPRegen 0.08/turn               (no ring)

@: no status effects
A: demonic magic 1
a: Renounce Religion, Berserk


You were on level 1 of the Dungeon.
You worshipped Trog.
Trog was aware of your devotion.
You visited 1 branch of the dungeon, and saw 1 of its levels.

You collected 41 gold pieces.

Inventory:

Hand Weapons
 a - a +0 hand axe (weapon)
Armour
 c - a +1 hat (worn)
 e - a +0 ring mail (worn)
Jewellery
 f - a ring of protection from cold
Scrolls
 b - a scroll of amnesia {unknown}
Potions
 d - a potion of brilliance {unknown}


   Skills:
 + Level 3.2 Fighting
 + Level 3.0 Axes
 + Level 1.8 Armour
 + Level 1.8 Dodging


You had one spell level left.
You didn't know any spells.
Your spell library was empty.

Dungeon Overview and Level Annotations

Branches:
Dungeon (1/15)

Altars:


Innate Abilities, Weirdness & Mutations

Spells you cast may paralyse adjacent enemies.


Message History

You kill the frilled lizard!
Trog accepts your kill.
You see here a frilled lizard corpse.
You open the door.
There is an open door here.
You see here a frilled lizard corpse.
You now have 41 gold pieces (gained 1).
Key pressed, stopping explore.
A hobgoblin comes into view.
The hobgoblin shouts!
The hobgoblin moves out of view.
A hobgoblin is nearby!
A hobgoblin is nearby!
You closely miss the hobgoblin. The hobgoblin barely misses you.
The hobgoblin hits you but does no damage.
You barely miss the hobgoblin.
The hobgoblin hits you but does no damage.
You hit the hobgoblin.
The hobgoblin is almost dead.
A dart slug comes into view.
The hobgoblin hits you but does no damage.
You hit the hobgoblin.
You kill the hobgoblin!
Trog accepts your kill.
You have reached level 2!
Your demonic ancestry asserts itself...
A menacing aura infuses your magic. The dart slug launches a dart at you.
The slug dart hits you but does no damage.
You see here a hobgoblin corpse.
You slash the dart slug!
The dart slug is severely wounded.
The dart slug bites you but does no damage.
You barely miss the dart slug.
The dart slug is severely wounded.
You hit the dart slug.
You kill the dart slug!
Trog accepts your kill.
Your Axes skill increases to level 3!
Are you sure you want to abandon this character and quit the game? (Confirm with "yes".)

#######################
......................##
################........
.# #.#.##.## .#
#######†#.# .# ........#
# .# .......@# .#
........# .# #........
.# .......... .#
......#.#.. .#
#.......#.#... .... #.
.# #.......#.#.### #....
.. '## #.......#.#.#
#).#.##.# ..#
#.......#.#.# #..#..#.#.


There were no monsters in sight!

Vanquished Creatures
  A dart slug (D:1)
  2 endoplasms (D:1)
  A hobgoblin (D:1)
  A quokka (D:1)
  A bat (D:1)
  A frilled lizard (D:1)
  3 rats (D:1)
10 creatures vanquished.

Notes
Turn   | Place    | Note
-------+----------+-------------------------------------------
     0 | D:1      | ytrimaz the Demonspawn Berserker began the quest for the
                  | Orb.
     0 | D:1      | Reached XP level 1. HP: 18/18 MP: 1/1
   641 | D:1      | Gained mutation: Spells you cast may paralyse adjacent
                  | enemies. [demonic ancestry]
   641 | D:1      | Reached XP level 2. HP: 24/24 MP: 2/2
   647 | D:1      | Quit the game

Illustrated notes

Levels and vault maps discovered:
D:1:      dpeg_arrival_connections, layout_basic

Skill      XL: |  1  2 |
---------------+-------+-----
Axes           | 3 |  3.0
Fighting       | |  3.2
Armour         | |  1.8
Dodging        | |  1.8

Action                   || total
-------------------------++-------
Melee: Hand axe          ||    30
Armor: Ring mail         ||     8
       Animal skin       ||     4
Dodge: Dodged            ||    19

Table legend: (Time is in decaauts)
 A = Elapsed time spent in this place.
 B = Non-inter-level travel time spent in this place.
 C = Inter-level travel time spent in this place.
 D = Time resting spent in this place.
 E = Time spent auto-exploring this place.
 F = Levels seen in this place.
 G = Mean time per level.
                   A        B        C        D        E       F      G
               +--------+--------+--------+--------+--------+-----+--------+
         Total |    651 |    651 |      0 |      0 |    551 |   1 |  651.0 |
       Dungeon |    651 |    651 |      0 |      0 |    551 |   1 |  651.0 |
               +--------+--------+--------+--------+--------+-----+--------+

Top non-repeatable levels by time:
     D:1: 651 daAuts
